Map: Sang chaud EC

Players

zidar - Winner!

  • Race: Zerg Zerg
  • League: Gold
  • Spawn Location: 5:00

Berricade

  • Race: Terran Terran
  • League: Diamond
  • Spawn Location: 11:00

VOD

Have the link to the VOD?

Description

Time

  • Played on: June 26, 2017, 2:15 p.m.
  • Length: 7:48
Show
View Real Time Build Order
Export as new Build Order

zidar Zerg - Winner!

Build Orders: Hatch First 

Get SALT Encoding   

  12  0:00  Unknown  
  12  0:02  Drone  
  13  0:12  Overlord  
  13  0:17  Drone  
  14  0:30  Drone x2  
  16  0:51  Hatchery  
  16  0:54  Drone  
  16  0:58  Extractor  
  16  1:02  Drone  
  16  1:18  Spawning Pool  
  15  1:20  Drone  
  16  1:27  Drone  
  16  1:28  Drone  
  18  1:37  Drone  
  19  2:06  Queen, Roach Warren  
  20  2:09  Queen  
  22  2:15  Drone  
  23  2:27  Extractor  
  22  2:36  Overlord  
  22  2:49  Roach  
  22  2:50  Roach x2  
  28  2:54  Roach  
  28  2:55  Roach  
  32  3:02  Roach  
  34  3:22  Ravager  
  34  3:23  Ravager  
  36  3:38  Overlord x3  
  36  3:59  Roach  
  36  4:00  Roach x2  
  42  4:03  Roach  
  39  5:15  Ravager  
  33  5:49  Roach  
  37  5:50  Roach  
  37  5:52  Roach x6  
  41  6:20  Roach x5  
  51  6:27  Drone  
  52  6:42  Ravager x3  
Show
View Real Time Build Order
Export as new Build Order

Berricade Terran 

Build Orders: Mech 

Get SALT Encoding   

  12  0:00  Unknown  
  12  0:56  SCV  
  13  1:05  Command Center  
  13  1:08  SCV  
  13  1:10  Supply Depot  
  14  1:20  SCV  
  15  1:32  SCV  
  16  1:35  Barracks  
  16  1:41  Refinery  
  16  1:44  SCV  
  17  1:48  Supply Depot  
  17  1:57  SCV  
  18  2:10  SCV  
  19  2:22  SCV  
  20  2:24  SCV  
  21  2:35  Command Center  
  21  2:49  Marine  
  21  2:50  Factory  
  22  3:00  SCV x2  
  22  3:05  Refinery  
  24  3:07  Marine  
  24  3:12  SCV  
  26  3:13  SCV  
  27  3:24  SCV  
  27  3:25  SCV  
  29  3:37  Factory Tech Lab  
  29  3:45  Factory  
  29  3:51  SCV x2  
  29  3:52  SCV  
  32  4:03  SCV  
  32  4:04  SCV x2  
  32  4:07  Siege Tank  
  38  4:19  SCV x3  
  39  4:25  Refinery  
  39  4:31  SCV x3  
  40  4:37  Factory Tech Lab  
  42  4:39  Siege Tank  
  42  4:47  Marine  
  43  4:55  Siege Tank  
  42  5:05  Marine  
  41  5:10  Supply Depot  
  31  5:23  Marine  
  31  5:27  Siege Tank  
  34  5:38  Factory  
  34  5:40  Marine  
  34  5:41  Barracks  
  33  6:13  Factory Tech Lab  
  33  6:17  SCV x3  
  36  6:28  Supply Depot x2  
  36  6:29  SCV x3, Supply Depot  
  38  6:43  Siege Tank  
  41  6:51  SCV x3  
  41  6:52  Factory  
  44  7:03  SCV x3  
  47  7:15  Siege Tank  
Tags
 
Composition
Mech
Matchup
TvZ
Spawn Locations
Cross Positions
Add a new tag
Caveats
  • Supply blocks, unpowered buildings, or Contaminate may cause inaccurate times.
  • Supply counts are checked every 10 seconds.